 Dungeon Crawl Stone Soup version 0.25.0-11-g1f837a76a1 (webtiles) character file.

Game seed: 5930301000583356226

(classic levelgen) 13419 EnegeticOcto the Cleaver (level 11, 42/100 HPs)
             Began as a Deep Dwarf Fighter on June 27, 2020.
             Was a Priest of Elyvilon.
             Quit the game on level 12 of the Dungeon.
             The game lasted 00:10:20 (8577 turns).

EnegeticOcto the Cleaver (Deep Dwarf Fighter)       Turns: 8577, Time: 00:10:21

Health: 42/100     AC: 17    Str: 23    XL:     11   Next: 75%
Magic:  11/11 (2)  EV:  3    Int:  9    God:    Elyvilon [***...]
Gold:   22         SH: 11    Dex: 12    Spells: 10/10 levels left

rFire    + + .     SeeInvis .   a - +1 war axe (elec)
rCold    + . .     Gourm    .   c - +0 kite shield
rNeg     . . .     Faith    .   H - -2 gold dragon scales
rPois    +         Spirit   .   p - +0 helmet
rElec    .         Reflect  .   v - +0 cloak
rCorr    .         Harm     .   (no gloves)
MR       +....                  (no boots)
Stlth    ..........             (no amulet)
HPRegen  0.00/turn              t - ring of protection from fire
MPRegen  0.12/turn              b - ring of magical power

@: non-regenerating
A: damage resistance, heal wounds, sense surroundings 2, no regeneration
a: Heal Wounds, Lesser Healing, Heal Other, Purification, Divine Protection,
Renounce Religion


You were on level 12 of the Dungeon.
You worshipped Elyvilon.
Elyvilon was most pleased with you.
You were not hungry.

You visited 3 branches of the dungeon, and saw 14 of its levels.

You collected 800 gold pieces.
You spent 778 gold pieces at shops.

Inventory:

Hand Weapons
 a - a +1 war axe of electrocution (weapon)
Missiles
 f - 3 throwing nets (quivered) {!f}
Armour
 c - a +0 kite shield (worn)
 p - a +0 helmet (worn)
 v - a +0 cloak (worn)
 H - -2 gold dragon scales (worn)
Jewellery
 b - a ring of magical power (right hand)
 t - a ring of protection from fire (left hand)
 z - an uncursed ring of flight
Wands
 x - a wand of flame (5) {@v4}
Scrolls
 h - 5 scrolls of teleportation {@r3 !r}
 j - 4 scrolls of magic mapping {@r5 !r}
 m - 4 scrolls of immolation
 n - 4 scrolls of identify {@r1}
 o - a scroll of amnesia
 q - a scroll of fear {!r}
 y - 5 scrolls of remove curse {@r2}
 B - a scroll of fog {!r}
Potions
 d - 2 potions of flight
 g - 2 potions of magic
 i - a potion of mutation {unknown}
 k - a potion of stabbing {@q5 !q}
 l - 3 potions of brilliance
 r - 3 potions of lignification {@q6}
 s - 5 potions of curing {@q1 !q}
 u - a potion of might {@q3 !q}
 D - 2 potions of haste {@q4 !q}
 E - a potion of berserk rage {unknown}
 G - a potion of resistance
Miscellaneous
 F - a lightning rod (1/4)
Comestibles
 e - 22 rations


   Skills:
 + Level 7.5 Fighting
 + Level 11.7 Axes
 - Level 8.8 Armour
 - Level 8.8 Shields
 * Level 11.7 Invocations


You had 10 spell levels left.
You didn't know any spells.
Your spell library contained the following spells:

 Spells                   Type           Power        Failure   Level  Hunger
 Magic Dart               Conj           #...         100%        1    ##.....
 Poisonous Vapours        Pois/Air       #.....       100%        2    ###....
 Searing Ray              Conj           #.....       100%        2    ###....
 Conjure Flame            Conj/Fire      #.......     100%        3    ####...
 Dazzling Flash           Conj/Hex       #.....       100%        3    ####...
 Mephitic Cloud           Conj/Pois/Air  #.......     100%        3    ####...
 Fulminant Prism          Conj/Hex       #.........   100%        4    #####..
 Iskenderun's Mystic Bla  Conj/Tloc      #.......     100%        4    #####..
 Freezing Cloud           Conj/Ice/Air   #.........   100%        6    #######
 Ring of Flames           Chrm/Fire      #.........   100%        7    #######


Dungeon Overview and Level Annotations

Branches:
Dungeon (12/15)            Temple (1/1) D:6            Lair (0/6) D:9
    Orc (1/2) D:10

Altars:
Ashenzari
Cheibriados
Dithmenos
Elyvilon
Fedhas
Gozag
Hepliaklqana
Kikubaaqudgha
Makhleb
Nemelex Xobeh
Okawaru
Ru
Sif Muna
Trog
Uskayaw
Vehumet
Wu Jian
Xom
Yredelemnul
Zin
The Shining One
Beogh

Shops:
D:4 !   D:7 *

Portals:
Trove: D:11 (give 7 potions of haste)

Annotations:
D:9 3 runed translucent doors, flt's ghost, novice OgWz


Innate Abilities, Weirdness & Mutations

You are resistant to damage.
You can heal yourself by infusing magical energy.
You passively map the area around you.
You do not regenerate.


Message History

The bullfrog skeleton hits you but does no damage.
You hit the bullfrog skeleton.
The bullfrog skeleton is almost destroyed.
You hit the catoblepas skeleton but do no damage.
You slash the ogre mage skeleton!
Lightning courses through the ogre mage skeleton!
The ogre mage skeleton hits you but does no damage.
The catoblepas skeleton gores you!
The bullfrog skeleton hits you but does no damage.
You slash the bullfrog skeleton!
You destroy the bullfrog skeleton!
That felt strangely unrewarding.
You slash the catoblepas skeleton!
You hit the ogre mage skeleton but do no damage.
You block the ogre mage skeleton's attack.
The catoblepas skeleton gores you!
You are too injured to fight recklessly!
You are too injured to fight recklessly!
You are too injured to fight recklessly!
You are too injured to fight recklessly!
You are too injured to fight recklessly!
You are too injured to fight recklessly!
You are too injured to fight recklessly!
You are too injured to fight recklessly!
You are too injured to fight recklessly!
You are too injured to fight recklessly!
You are too injured to fight recklessly!
You are too injured to fight recklessly!
You are healed.
You feel somewhat more hungry.
The ogre mage skeleton barely misses you.
The catoblepas skeleton gores you but does no damage.
You are healed.
You feel somewhat more hungry.
You hit the ogre mage skeleton.
The ogre mage skeleton is almost destroyed.
You hit the catoblepas skeleton.
You block the ogre mage skeleton's attack.
The catoblepas skeleton gores you but does no damage.
You slice the ogre mage skeleton!!
You destroy the ogre mage skeleton!
That felt strangely unrewarding.
You slash the catoblepas skeleton!
Lightning courses through the catoblepas skeleton!
You block the catoblepas skeleton's attack.
You hit the catoblepas skeleton but do no damage.
The catoblepas skeleton is heavily damaged.
You block the catoblepas skeleton's attack.
You hit the catoblepas skeleton.
The catoblepas skeleton is heavily damaged.
You slash the catoblepas skeleton!
The catoblepas skeleton is severely damaged.
The catoblepas skeleton gores you!!
You are too injured to fight recklessly!
You are too injured to fight recklessly!
You are too injured to fight recklessly!
You are too injured to fight recklessly!
You are too injured to fight recklessly!
You are too injured to fight recklessly!
You are too injured to fight recklessly!
You are too injured to fight recklessly!
You are too injured to fight recklessly!
You are too injured to fight recklessly!
You are too injured to fight recklessly!
You are too injured to fight recklessly!
You are too injured to fight recklessly!
You are too injured to fight recklessly!
You are too injured to fight recklessly!
You are healed.
You feel somewhat more hungry.
You block the catoblepas skeleton's attack.
You are healed.
You feel somewhat more hungry.
The catoblepas skeleton gores you but does no damage.
You are healed.
You feel somewhat more hungry.
You hit the catoblepas skeleton.
Lightning courses through the catoblepas skeleton!
The catoblepas skeleton is almost destroyed.
The catoblepas skeleton gores you but does no damage.
You hit the catoblepas skeleton but do no damage.
The catoblepas skeleton is almost destroyed.
The catoblepas skeleton gores you.
You completely miss the catoblepas skeleton.
The catoblepas skeleton is almost destroyed.
You block the catoblepas skeleton's attack.
You slash the catoblepas skeleton!
You destroy the catoblepas skeleton!
That felt strangely unrewarding.
No target in view!
No target in view!
No target in view!
No target in view!
No target in view!
No target in view!
No target in view!
No target in view!
No target in view!
Magic restored.
e - 22 rations (gained 1)
Found a hand axe.
You now have 22 gold pieces (gained 21).
You hear Kikubaaqudgha cackling.
You smell decay.
Your body is wracked with pain!
The dead are walking!
Kikubaaqudgha seems mollified.
A troll skeleton comes into view.
Are you sure you want to abandon this character and quit the game? (Confirm with "yes".)

, ####'### #. #..># #.
###.# #####.#### #.#
#.......)# #.#
#........#### #######.##
** *
#...........###........#
, , *
#.....ยง..##..##........#
, ,
#......@.###...........#
* *, #........#
####......... *
.......Z.# #........#
*#........# ##########
#####..### * *#.#* , .. *
, ,... **** * , ,, , ,,
*** *


You could see a troll skeleton.

Vanquished Creatures
  2 two-headed ogres (D:9)
  Urug (D:11)
  2 orc knights (Orc:1)
  An orc sorcerer (Orc:1)
  Psyche (D:8)
  Joseph (D:7)
  A centaur skeleton (D:10)
  A kobold demonologist (D:12)
  Maggie (D:9)
  A catoblepas skeleton (D:12)
  2 trolls (D:10)
  Prince Ribbit (D:9)
  Grinder (D:3)
  A shadow (D:12)
  A wyvern (D:8)
  4 yaks (D:11)
  Menkaure (D:6)
  2 two-headed ogre zombies (D:10)
  A warg (Orc:1)
  A soldier ant (D:12)
  A water moccasin (D:9)
  2 black bears
  A hornet zombie (D:11)
  2 elf zombies (D:11)
  7 orc warriors
  2 phantoms (D:10)
  2 sky beasts
  A manticore zombie (D:10)
  7 ogres
  3 centaurs
  3 big kobolds
  A komodo dragon zombie (D:11)
  A cyclops zombie (D:10)
  8 bullfrogs
  A wyvern zombie (D:6)
  2 scorpions
  A troll zombie (D:10)
  4 killer bees (D:11)
  4 howler monkeys
  5 wights (D:10)
  2 troll skeletons (D:6)
  2 centaur zombies
  A bullfrog zombie (D:3)
  2 quasits (D:11)
  13 orc priests
  Crazy Yiuf (D:3)
  9 hounds
  4 bullfrog skeletons
  3 iguanas
  A kobold skeleton (D:7)
  Ijyb (D:3)
  12 orc wizards
  9 worker ants
  5 ogre zombies (D:10)
  A big kobold skeleton (D:6)
  2 ogre skeletons
  A hound zombie (D:11)
  A hound skeleton (D:12)
  Robin (D:4)
  2 worker ant zombies
  10 gnolls
  A howler monkey skeleton (D:8)
  17 adders
  6 shadow imps
  2 oozes
  2 adder zombies
  2 adder skeletons
  A worm (D:2)
  A dart slug (D:3)
  2 leopard geckos
  62 orcs
  A ball python (D:3)
  3 bats
  A bat zombie (D:10)
  4 giant cockroaches
  14 goblins
  10 hobgoblins
  2 jackals (D:3)
  5 quokkas
  A ball python skeleton (D:6)
  5 frilled lizards
  A frilled lizard zombie (D:10)
  A giant cockroach zombie (D:10)
  A goblin skeleton (D:10)
  2 goblin zombies (D:10)
  A hobgoblin skeleton (D:10)
  2 hobgoblin zombies (D:10)
  A jackal skeleton (D:6)
  A jackal zombie (D:11)
  17 kobolds
  A leopard gecko zombie (D:5)
  9 orc skeletons
  17 orc zombies
  3 quokka skeletons
  10 rats
  2 rat skeletons
379 creatures vanquished.

Notes
Turn   | Place    | Note
-------+----------+-------------------------------------------
     0 | D:1      | EnegeticOcto the Deep Dwarf Fighter began the quest for the
                  | Orb.
     0 | D:1      | Reached XP level 1. HP: 20/20 MP: 1/1
   116 | D:2      | Reached XP level 2. HP: 17/27 MP: 2/2
   133 | D:2      | Reached skill level 3 in Axes
   201 | D:2      | Found a white marble altar of Elyvilon.
   240 | D:2      | Reached skill level 3 in Fighting
   240 | D:2      | Reached XP level 3. HP: 33/34 MP: 3/3
   692 | D:2      | Reached XP level 4. HP: 36/42 MP: 4/4
  1060 | D:3      | Reached skill level 4 in Axes
  1060 | D:3      | Reached skill level 4 in Armour
  1060 | D:3      | Reached skill level 4 in Shields
  1213 | D:3      | Found a runed translucent door.
  1214 | D:3      | Noticed Crazy Yiuf
  1269 | D:4      | Noticed Robin
  1274 | D:4      | Reached XP level 5. HP: 49/49 MP: 5/5
  1290 | D:4      | Killed Robin
  1395 | D:4      | Your magical essence is drained by the effort!
  1444 | D:4      | Reached XP level 6. HP: 40/56 MP: 5/5
  1460 | D:4      | Reached skill level 5 in Axes
  1475 | D:4      | Found Nyen's Distillery.
  1481 | D:4      | Bought a potion of lignification for 39 gold pieces
  1481 | D:4      | Bought a potion of curing for 39 gold pieces
  1542 | D:4      | Your magical essence is drained by the effort!
  1768 | D:4      | Reached skill level 4 in Fighting
  1768 | D:4      | Reached skill level 5 in Shields
  1768 | D:4      | Reached XP level 7. HP: 64/64 MP: 5/5
  1814 | D:5      | Entered Level 5 of the Dungeon
  1832 | D:5      | Reached skill level 5 in Armour
  1835 | D:5      | Reached skill level 6 in Axes
  2275 | D:6      | Found a staircase to the Ecumenical Temple.
  2284 | D:6      | Your magical essence is drained by the effort!
  2286 | D:6      | Reached XP level 8. HP: 58/73 MP: 5/5
  2292 | Temple   | Entered the Ecumenical Temple
  2312 | Temple   | Became a worshipper of Kikubaaqudgha
  2461 | D:2      | Fell from the grace of Kikubaaqudgha
  2461 | D:2      | Became a worshipper of Elyvilon the Healer
  2593 | D:3      | Noticed Grinder
  2594 | D:3      | Your magical essence is drained by the effort!
  2595 | D:3      | Paralysed by Grinder for 5 turns
  2618 | D:3      | Killed Grinder
  2618 | D:3      | Reached skill level 7 in Axes
  2618 | D:3      | Reached skill level 1 in Invocations
  2829 | D:3      | Noticed Ijyb
  2834 | D:3      | Killed Ijyb
  2834 | D:3      | Reached skill level 2 in Invocations
  2901 | D:3      | Found a sparkling altar of Nemelex Xobeh.
  3063 | D:3      | Killed Crazy Yiuf
  3188 | D:6      | Reached skill level 3 in Invocations
  3280 | D:6      | Reached * piety under Elyvilon
  3284 | D:6      | Noticed Menkaure
  3288 | D:6      | Killed Menkaure
  3288 | D:6      | Reached skill level 5 in Fighting
  3288 | D:6      | Reached skill level 6 in Armour
  3288 | D:6      | Reached skill level 6 in Shields
  3351 | D:6      | Your magical essence is drained by the effort!
  3543 | D:6      | Reached skill level 4 in Invocations
  3782 | D:7      | Found an ornate altar of the Wu Jian Council.
  3801 | D:7      | Reached skill level 8 in Axes
  3827 | D:7      | Your magical essence is drained by the effort!
  3836 | D:7      | Your magical essence is drained by the effort!
  3845 | D:7      | Your magical essence is drained by the effort!
  3860 | D:7      | Gained mutation: You passively map the area around you.
                  | [Deep Dwarf growth]
  3860 | D:7      | Reached XP level 9. HP: 64/81 MP: 4/4
  3891 | D:7      | Reached skill level 5 in Invocations
  4087 | D:7      | Found Ahirph's Lightly-Used Armoury.
  4262 | D:7      | Found a shattered altar of Ashenzari.
  4436 | D:8      | Reached ** piety under Elyvilon
  4475 | D:8      | Your magical essence is drained by the effort!
  4616 | D:8      | Found a bloodstained altar of Trog.
  4619 | D:8      | Reached skill level 6 in Invocations
  4713 | D:8      | Noticed Psyche
  4717 | D:8      | Killed Psyche
  4722 | D:8      | Reached skill level 9 in Axes
  4855 | D:8      | Reached skill level 7 in Armour
  4878 | D:8      | Your magical essence is drained by the effort!
  4883 | D:8      | Reached skill level 7 in Shields
  4977 | D:8      | Reached skill level 7 in Invocations
  5564 | D:9      | Noticed a two-headed ogre
  5572 | D:9      | Killed a two-headed ogre
  5572 | D:9      | Reached skill level 6 in Fighting
  5572 | D:9      | Reached XP level 10. HP: 60/91 MP: 5/5
  5650 | D:9      | Noticed a two-headed ogre
  5661 | D:9      | Killed a two-headed ogre
  5661 | D:9      | Reached skill level 8 in Invocations
  5711 | D:9      | Reached *** piety under Elyvilon
  5910 | D:9      | Noticed Prince Ribbit
  5920 | D:9      | Reached skill level 10 in Axes
  5927 | D:9      | Your magical essence is drained by the effort!
  5940 | D:9      | Killed Prince Ribbit
  5953 | D:9      | Found a runed translucent gate.
  5953 | D:9      | Found a runed translucent gate.
  5953 | D:9      | Found a runed translucent gate.
  5953 | D:9      | Noticed flt's ghost (novice OgWz)
  5983 | D:9      | Noticed Maggie
  5991 | D:9      | Killed Maggie
  6095 | D:9      | Reached skill level 9 in Invocations
  6161 | D:10     | Entered Level 10 of the Dungeon
  6169 | D:10     | Your magical essence is drained by the effort!
  6322 | D:10     | Reached skill level 8 in Shields
  6376 | D:10     | Found a staircase to the Orcish Mines.
  6386 | D:10     | Reached skill level 8 in Armour
  6477 | D:10     | Reached **** piety under Elyvilon
  6493 | D:10     | You fall into a shaft and drop 1 floor!
  6521 | D:11     | Noticed Urug
  6537 | D:11     | Your magical essence is drained by the effort!
  6540 | D:11     | Killed Urug
  6540 | D:11     | Reached XP level 11. HP: 81/99 MP: 3/5
  6594 | D:11     | Reached skill level 10 in Invocations
  6726 | D:11     | Noticed a purple ugly thing
  6729 | D:11     | Noticed a white ugly thing
  6756 | D:11     | Pacified a purple ugly thing
  6757 | D:11     | Pacified a white ugly thing
  6825 | D:11     | Reached skill level 11 in Axes
  6989 | D:11     | Found a portal to a secret trove of treasure.
  7043 | D:11     | Noticed a purple ugly thing
  7045 | D:11     | Pacified a purple ugly thing
  7045 | D:11     | Noticed a white ugly thing
  7060 | D:11     | Pacified a white ugly thing
  7060 | D:11     | Reached skill level 7 in Fighting
  7905 | Orc:1    | Entered Level 1 of the Orcish Mines
  7911 | Orc:1    | Noticed an orc knight
  7912 | Orc:1    | Noticed an orc sorcerer
  7919 | Orc:1    | Noticed an orc knight
  7924 | Orc:1    | Killed an orc sorcerer
  7925 | Orc:1    | Your magical essence is drained by the effort!
  7928 | Orc:1    | Killed an orc knight
  7944 | D:10     | Your magical essence is drained by the effort!
  7966 | Orc:1    | Reached skill level 11 in Invocations
  7967 | Orc:1    | Your magical essence is drained by the effort!
  7968 | Orc:1    | Killed an orc knight
  7973 | Orc:1    | Your magical essence is drained by the effort!
  7990 | Orc:1    | Found a roughly hewn altar of Beogh.
  8170 | D:7      | Noticed Joseph
  8182 | D:7      | Killed Joseph
  8202 | D:7      | Bought -2 gold dragon scales for 700 gold pieces
  8576 | D:12     | Was forgiven by Kikubaaqudgha
  8577 | D:12     | Quit the game

Illustrated notes

Levels and vault maps discovered:
D:1:      matt_arrival_diagonals, layout_rooms
D:2:      layout_loops_corners, elyvilon_altar_4, serial_glass, glass_columns_b,
          glass_columns_b, glass_columns_a, glass_columns_c, glass_columns_c
D:3:      layout_loops_ring, marbit_many_paths, minmay_liquid_box,
          uniq_crazy_yiuf_cottage, uniq_ijyb, uniq_grinder
D:4:      layout_cave_pools, serial_shops, nicolae_shop_waterfront,
          first_ration, grunt_decor_cap, uniq_robin
D:5:      layout_rooms
D:6:      layout_loops_ring, minmay_temple_entry_hall,
          hangedman_abyss_or_decor_stagger, uniq_menkaure
D:7:      layout_cave_pools, kennysheep_mini, nicolae_overflow_crystal_walls,
          grunt_ogre_cave, minmay_shop_damaged, hangedman_decor_slide_cut,
          uniq_joseph
D:8:      layout_basic, overflow_temple_1_default, uniq_psyche
D:9:      layout_long_grid, overflow_temple_1_default, erik_lair_island,
          gammafunk_ghost_spectres, uniq_maggie, uniq_prince_ribbit1
D:10:     layout_rooms, zombieorc2_lemuel
D:11:     layout_long_grid, trove_entry_hex_spiral, uniq_urug
D:12:     layout_roguey
Temple:   lightli_temple_of_artemis
Orc:1:    layout_caves, basic_altar

Skill      XL: |  1  2  3  4  5  6  7  8  9 10 11 |
---------------+----------------------------------+-----
Axes           | 3 4 5 6 8 9 10 11 | 11.7
Fighting       | 3 4 5 6 7 |  7.5
Armour         | 4 5 6 7 8 |  8.8
Shields        | 4 5 6 7 8 |  8.8
Invocations    | 4 7 9 11 | 11.7

Action                   |  1- 3 |  4- 6 |  7- 9 | 10-12 || total
-------------------------+-------+-------+-------+-------++-------
Melee: War axe           |    90 |   151 |   434 |   425 ||  1100
Invok: Lesser Healing    |       |       |    23 |    52 ||    75
       Greater Healing   |       |       |       |     1 ||     1
       Heal Other        |       |       |       |     6 ||     6
 Abil: Heal Wounds       |     1 |     5 |    21 |    21 ||    48
Evoke: Wand              |       |       |     7 |       ||     7
       Lightning rod     |       |       |       |     5 ||     5
  Use: Potion            |       |       |     1 |     1 ||     2
       Scroll            |       |       |    14 |     5 ||    19
  Eat: Chunk             |       |     3 |    17 |    14 ||    34
       Ration            |       |       |       |     2 ||     2
Armor: Scale mail        |    31 |    88 |   176 |       ||   295
       Plate armour      |       |       |    52 |   279 ||   331
       Gold dragon scale |       |       |       |    29 ||    29
Dodge: Dodged            |    26 |    67 |   118 |    96 ||   307
Block: Kite shield       |    56 |   100 |   234 |   303 ||   693
